AoeStats
← Husánia

Oasis

507674403Analyzed
2v2 RM · 12d ago on Sep 19, 2026· 65m 8s· 4 players
Game mode
Random Map
Map size
Medium (4 player)
Population
200
Speed
Normal
Resources
Standard
Victory
Conquest
Starting age
Dark Age
Ending age
Imperial Age
RankedLock teamsTeams togetherTeam positionsShared explorationLock speedFull tech treeHidden civsTurbo modeCheats
Victory
Defeat
🇭🇺 Saracens · Hungary
787
+17
🇭🇺 Armenians · Hungary
763
+18
🇭🇷 Bulgarians · Croatia
845
-20
🇭🇷 Malay · Croatia
757
-15
Mathman
8:36 Loom
10:26 Feudal Age
14:56 Castle Age
16:19 Horse Collar
16:28 Double-Bit Axe
21:43 Bow Saw
23:30 Heavy Plow
23:30 Gold Mining
25:19 Stone Mining
27:45 Forging
33:13 Iron Casting
32:44 Scale Barding Armor
37:33 Caravan
40:25 Imperial Age
39:04 Wheelbarrow
39:18 Chain Barding Armor
40:01 Husbandry
40:11 Bloodlines
41:29 Conscription
40:52 Elite Mameluke
43:19 Blast Furnace
44:15 Plate Barding Armor
47:27 Hand Cart
48:40 Town Watch
50:46 Town Patrol
58:12 Onager
Husánia
12:25 Feudal Age
13:33 Double-Bit Axe
14:21 Man-at-Arms
14:55 Loom
14:52 Pikeman
15:55 Horse Collar
17:57 Forging
19:39 Long Swordsman
21:35 Arson
26:10 Castle Age
27:16 Two-Handed Swordsman
27:42 Gambesons
27:58 Squires
29:38 Champion
31:30 Scale Mail Armor
32:54 Caravan
37:48 Elite Skirmisher
41:41 Halberdier
46:35 Bow Saw
46:28 Heavy Plow
53:50 Imperial Age
52:19 Iron Casting
52:09 Chain Mail Armor
54:17 Capped Ram
61:33 Hoardings
61:24 Conscription
65:07 Blast Furnace
64:51 Plate Mail Armor
RS_Medik
7:55 Loom
11:03 Feudal Age
13:44 Arson
13:54 Horse Collar
14:03 Double-Bit Axe
17:09 Wheelbarrow
23:17 Castle Age
21:33 Scale Barding Armor
21:29 Scale Mail Armor
27:15 Chain Mail Armor
28:35 Heavy Plow
29:42 Chain Barding Armor
31:14 Forging
31:52 Pikeman
32:35 Squires
32:21 Gambesons
33:46 Stirrups
34:26 Thumb Ring
34:44 Padded Archer Armor
35:07 Gold Mining
35:07 Stone Mining
36:53 Leather Archer Armor
36:28 Fletching
40:44 Hand Cart
44:24 Imperial Age
42:16 Hand Cart
42:32 Bodkin Arrow
43:12 Iron Casting
43:26 Caravan
44:28 Gold Shaft Mining
44:28 Stone Shaft Mining
46:44 Parthian Tactics
45:42 Heavy Cavalry Archer
47:14 Plate Barding Armor
47:10 Plate Mail Armor
47:41 Blast Furnace
46:43 Bracer
48:04 Elite Konnik
49:34 Conscription
49:41 Onager
50:36 Bagains
AlfioBang
10:40 Feudal Age
14:23 Double-Bit Axe
17:01 Wheelbarrow
16:25 Horse Collar
19:09 Castle Age
17:53 Man-at-Arms
19:35 Bow Saw
19:43 Heavy Plow
23:04 Loom
27:55 Hand Cart
28:21 Long Swordsman
29:03 Squires
29:43 Treadmill Crane
29:59 Murder Holes
30:26 Ballistics
32:51 Stone Mining
34:19 Fletching
39:36 Thumb Ring
40:41 Caravan
40:41 Gold Mining
43:46 Imperial Age
43:39 Conscription
45:21 Crossbowman
47:34 Crop Rotation
48:05 Gold Shaft Mining
48:42 Forging
48:38 Scale Barding Armor
49:19 Town Watch
50:10 Elite Karambit Warrior
51:58 Bodkin Arrow
52:03 Padded Archer Armor
52:38 Iron Casting
52:35 Forced Levy
52:52 Arbalester
53:36 Bracer
53:52 Leather Archer Armor
56:31 Ring Archer Armor
57:40 Chemistry
Connection lost

Rejoining the realm…

Still unreachable

The connection could not be restored.

Session expired

The server has moved on; the page needs a fresh start.